 Dungeon Crawl Stone Soup version 0.31.0-1-g2c135a008e (webtiles) character file.

Game seed: 2910089281364889505

316 qw the Shooter (level 6, -6/46 HPs)
             Began as a Djinni Hunter on Jan 23, 2024.
             Killed by nerve-wracking pain
             ... invoked by an orc priest
              (13 damage)
             ... on level 3 of the Dungeon.
             The game lasted 00:00:07 (2487 turns).

qw the Shooter (Djinni Hunter)                      Turns: 2487, Time: 00:00:07

Health: -6/46      AC:  6    Str: 16    XL:     6   Next: 73%
Gold:   118        EV: 12    Int: 11    God:
                   SH:  0    Dex: 18

rFire   + + .        a - +0 shortbow
rCold   x . .        (shield currently unavailable)
rNeg    . . .        g - +0 ring mail
rPois   inf          (no helmet)
rElec   .            (no cloak)
rCorr   .            e - +0 pair of gloves
SInv    .            (boots unavailable)
Will    .....        (no amulet)
Stlth   +            h - +6 ring of strength
HPRegen 0.27/turn    (no ring)
MPRegen 0.00/turn

%: infuse magic (-7 HP)
@: about to teleport, flying
A: sickness immunity, fire resistance 2, cold vulnerability 1, float, innate
caster, HP casting, extra vitality 1
a: no special abilities


You were on level 3 of the Dungeon.
You visited 1 branch of the dungeon, and saw 3 of its levels.

You collected 118 gold pieces.


Innate Abilities, Weirdness & Mutations

You are immune to sickness and miasma.
You are immune to poison.
Your flesh is very heat resistant. (rF++)
You are vulnerable to cold. (rC-)
You float through the air rather than walking.
You learn spells naturally, not from books.
Your magical power is your life essence.
You have superior vitality. (+4 MHP)


   Skills:
 + Level 3.5 Fighting
 - Level 5.3 Ranged Weapons
 - Level 1.0 Armour
 - Level 3.0 Dodging
 - Level 0.7 Stealth


You knew the following spells:

 Your Spells              Type           Power      Damage    Failure   Level
a - Slow                  Hex            0%         N/A       56%         1
b - Scorch                Fire           0%         2d5       71%         2
Your spell library was empty.

Inventory:

Hand Weapons
 a - a +0 shortbow (weapon)
Armour
 e - a +0 pair of gloves (worn)
 g - a +0 ring mail (worn)
Jewellery
 f - an amulet of regeneration
 h - a +6 ring of strength (left hand)
 k - an amulet of faith
Scrolls
 d - 2 scrolls of identify {unknown}
 j - a scroll of vulnerability {unknown}
Potions
 c - a potion of degeneration {unknown}
 i - 2 potions of curing

Dungeon Overview and Level Annotations

Branches:
Dungeon (3/15)

Altars:


Message History

The orc closely misses you.
You shoot an arrow.
The arrow hits the orc but does no damage.
The orc hits you with a +0 hand axe.
The orc priest mumbles some strange prayers to Beogh against you.
Beogh smites you! The orc misses you. The ball python completely misses you.
The ball python grabs you. The ball python constricts you.
You shoot an arrow. The arrow hits the ball python!
You kill the ball python!
The orc barely misses you.
You shoot an arrow. The arrow barely misses the orc.
The orc misses you. The orc closely misses you.
You shoot an arrow. The arrow closely misses the orc.
You shoot an arrow. The arrow hits the orc!
You kill the orc!
The orc barely misses you. The orc misses you.
The orc hits you with a +2 dagger of venom.
The orc priest looks satisfied for a moment.
You shoot an arrow. The arrow closely misses the orc.
The orc priest invokes the aid of Beogh against you.
Beogh smites you! The orc barely misses you.
You shoot an arrow. The arrow hits the orc!
You kill the orc!
The orc hits you with a +0 hand axe.
You shoot an arrow. The arrow hits the orc.
The orc is heavily wounded.
The orc hits you with a +0 hand axe.
2485 ||| READING scroll of teleportation.
As you read the scroll of teleportation, it crumbles to dust.
You feel strangely unstable.
The orc priest hits you but does no damage.
The orc hits you with a +0 hand axe.
You shoot an arrow. The arrow hits the orc.
You kill the orc!
The orc priest hits you with a +0 whip. x2
You shoot an arrow. The arrow hits the orc priest!
The orc priest is heavily wounded.
The orc priest calls down the wrath of Beogh upon you.
Pain shoots through your body!
You die...

............#
...%....)####
...#####..#
.).######.# ......#
#.### #####.###...#
#+### #.>.###.#
#.#.#
######...#.####...#
#....###.......@o.#
#....#
###.#####)..#
##....# #.# #..#
......# #.# #)#
.#....# #.# ...
##...)## #.# ...
###...####.## ...
###.).##.># ...
###.###.#


You could see an orc priest.

Vanquished Creatures
  Pargi (D:3)
  An ogre (D:3)
  Natasha (D:2)
  A gnoll (D:1)
  4 adders
  A dart slug (D:1)
  9 orcs (D:3)
  A bat (D:3)
  3 endoplasms
  A giant cockroach (D:1)
  7 goblins
  3 hobgoblins (D:1)
  4 jackals (D:1)
  A quokka (D:2)
  3 ball pythons
  2 frilled lizards (D:1)
  3 kobolds (D:3)
  6 rats
52 creatures vanquished.

Notes
Turn   | Place    | Note
-------+----------+-------------------------------------------
     0 | D:1      | qw the Djinni Hunter began the quest for the Orb.
     0 | D:1      | Reached XP level 1. HP: 18/18 MP: 0/0
     0 | D:1      | 0 ||| qw: Version: 0.3-a-136-gdd3b4e8
     0 | D:1      | 0 ||| qw: Game counter: 1033
     0 | D:1      | 0 ||| qw: Melee chars always use a shield: true
     0 | D:1      | 0 ||| qw: God list: Okawaru
     0 | D:1      | 0 ||| qw: Allow faded altars: false
     0 | D:1      | 0 ||| qw: Do Orc after clearing Dungeon:15 true
     0 | D:1      | 0 ||| qw: Do second Lair branch before Depths: true
     0 | D:1      | 0 ||| qw: Lair rune preference: random
     0 | D:1      | 0 ||| qw: Goals: Normal
     0 | D:1      | 0 ||| PLANNING D:1-11
   169 | D:1      | Reached XP level 2. HP: 23/23 MP: 0/0
   303 | D:1      | Reached XP level 3. HP: 28/28 MP: 0/0
   303 | D:1      | Learned a level 1 spell: Slow
   378 | D:1      | Reached skill level 4 in Ranged Weapons
   907 | D:1      | 907 ||| UPGRADING to +0 pair of gloves.
   912 | D:1      | 912 ||| UPGRADING to +0 ring mail.
   922 | D:1      | 922 ||| DROPPING +0 leather armour.
   923 | D:1      | 923 ||| UPGRADING to +6 ring of strength.
   924 | D:1      | 924 ||| READING scroll labelled LAIGGY ZIGO.
   925 | D:1      | 925 ||| READING scroll labelled IRPHAYH PUJUUP.
   930 | D:1      | 930 ||| READING scroll labelled KAUMAPR ABEGESO.
   931 | D:1      | 931 ||| DRINKING 2 sedimented blue potions.
   963 | D:1      | 963 ||| DROPPING scroll of butterflies.
   964 | D:1      | 964 ||| DROPPING potion of lignification.
  1025 | D:2      | Found a faded altar of an unknown god.
  1156 | D:2      | 1156 ||| FLEEEEING.
  1461 | D:2      | Reached skill level 1 in Armour
  1478 | D:2      | Reached XP level 4. HP: 34/34 MP: 0/0
  1615 | D:2      | Noticed Natasha
  1619 | D:2      | Killed Natasha
  1620 | D:2      | Reached skill level 3 in Fighting
  1872 | D:2      | 1872 ||| READING 2 scrolls labelled XUFRARIHAGE.
  1873 | D:2      | 1873 ||| DRINKING 2 orange potions.
  1874 | D:2      | 1874 ||| DROPPING scroll of blinking.
  1958 | D:3      | Reached XP level 5. HP: 36/40 MP: 0/0
  1958 | D:3      | Learned a level 2 spell: Scorch
  2076 | D:3      | Reached skill level 3 in Dodging
  2125 | D:3      | Noticed an ogre
  2135 | D:3      | Killed an ogre
  2136 | D:3      | Reached XP level 6. HP: 19/46 MP: 0/0
  2244 | D:3      | Noticed Pargi
  2262 | D:3      | Killed Pargi
  2263 | D:3      | Reached skill level 5 in Ranged Weapons
  2484 | D:3      | HP: 10/46 [orc/+0 hand axe (3)]
  2485 | D:3      | 2485 ||| READING scroll of teleportation.
  2487 | D:3      | Killed from afar by an orc priest

Levels and vault maps discovered:
D:1:      minmay_arrival_four_loops, layout_basic
D:2:      layout_basic, shapermc_ecumenical_altar_ellora, uniq_natasha
D:3:      layout_rooms, nicolae_yredelemnul_ghost_church, uniq_pargi

Skill      XL: |  1  2  3  4  5  6 |
---------------+-------------------+-----
Ranged Weapons | 4 5 |  5.3
Armour         | 1 |  1.0
Fighting       | 3 |  3.5
Dodging        | 3 |  3.0
Stealth        | |  0.7

Action                     |  1- 3 |  4- 6 || total
---------------------------+-------+-------++-------
   Fire: Shortbow          |    61 |    91 ||   152
    Use: Scroll            |     3 |     2 ||     5
         Potion            |     1 |     1 ||     2
 Armour: Leather armour    |     5 |       ||     5
         Ring mail         |     4 |    50 ||    54
  Dodge: Dodged            |    15 |    43 ||    58

Table legend:
 A = Non-vault XP
 B = Vault XP
 C = Vault XP percentage of total XP
 D = Non-vault monster count
 E = Vault monster count
 F = Vault count percentage of total count
                 A         B        C        D         E       F
            +---------+---------+-------+---------+---------+-------
      Total |     279 |     173 |  38.3 |      50 |       2 |   3.8
            +---------+---------+-------+---------+---------+-------
        D:1 |      45 |       0 |   0.0 |      20 |       0 |   0.0
        D:2 |      42 |      35 |  45.5 |      10 |       1 |   9.1
        D:3 |     192 |     138 |  41.8 |      20 |       1 |   4.8
            +---------+---------+-------+---------+---------+-------
